Match 46868527
Unlisted

Match 46868527
End
Construct Section Command Post
Infantry Section
Selects Canadian Shock Battlegroup
Infantry Section
Dingo Light Scout Car
Infantry Section
Construct Platoon Command Post
Selects Attacking Spirit
Selects Canadian Shock Section
Canadian Shock Section
Humber Armored Car
Selects Point Assault
Selects Incendiary Munitions
Grenade Package
6-pounder Anti-tank Gun Team
Selects Pyrotechnics
6-pounder Anti-tank Gun Team
Construct Company Command Post
Infantry Training
CMP 15cwt Truck
CommissarJuriSprite
Bobex
Angrybirds
Demi
0
0

Comments sign in to comment!

No comments posted yet!